 Dungeon Crawl Stone Soup version 0.31-a0-233-g139696dc86 (webtiles) character file.

Game seed: 6125891071928722807

56 qw the Shooter (level 3, -1/21 HPs)
             Began as a Gargoyle Hexslinger on July 8, 2023.
             Slain by a hobgoblin (4 damage)
             ... on level 2 of the Dungeon.
             The game lasted 00:00:16 (769 turns).

qw the Shooter (Gargoyle Hexslinger)                 Turns: 769, Time: 00:00:17

Health: -1/21      AC:  8    Str: 11    XL:     3   Next: 97%
Magic:  4/4        EV: 10    Int: 13    God:
Gold:   56         SH:  5    Dex: 14    Spells: 3/4 levels left

rFire   . . .        Y - +1 sling
rCold   . . .        (no shield)
rNeg    + . .        f - +0 ring mail
rPois   inf          (no helmet)
rElec   +            (no cloak)
rCorr   .            (no gloves)
SInv    .            (no boots)
Will    .....        h - amulet of reflection
Stlth   +            (no ring)
HPRegen 0.23/turn    (no ring)
MPRegen 0.09/turn

%: reflection
@: no status effects
A: sickness immunity, AC +3, negative energy resistance 1, electricity
resistance, torment resistance 1, petrification resistance
a: no special abilities


You were on level 2 of the Dungeon.
You visited 1 branch of the dungeon, and saw 2 of its levels.

You collected 56 gold pieces.


Innate Abilities, Weirdness & Mutations

You are immune to sickness and miasma.
Your stone body is resilient. (AC +3)
You are immune to poison.
You resist negative energy. (rN+)
You are resistant to electric shocks. (rElec)
You are resistant to unholy torment.
You are immune to petrification.


   Skills:
 - Level 2.0 Fighting
 + Level 3.8 Ranged Weapons
 - Level 1.5 Dodging
 - Level 1.0 Spellcasting
 - Level 2.6 Hexes


You had 3 spell levels left.
You knew the following spells:

 Your Spells              Type           Power      Damage    Failure   Level
a - Slow                  Hex            28%        N/A       22%         1

Your spell library contained the following spells:

 Spells                   Type           Power      Damage    Failure   Level
 Inner Flame              Hex/Fire       4%         N/A       75%         3
 Portal Projectile        Hex/Tloc       8%         N/A       75%         3
 Cause Fear               Hex            3%         N/A       92%         4

Inventory:

Hand Weapons
 Y - a +1 sling (weapon)
Armour
 f - a +0 ring mail (worn)
Jewellery
 h - an amulet of reflection (around neck)
Potions
 a - a potion of brilliance {unknown}
 b - a potion of heal wounds {unknown}
 c - a potion of invisibility {unknown}
 d - a potion of might
 i - a potion of curing {unknown}

Dungeon Overview and Level Annotations

Branches:
Dungeon (2/15)

Altars:
Ashenzari


Message History

You shoot a sling bullet.
The sling bullet hits the adder but does no damage.
The adder is heavily wounded.
The adder misses you.
You shoot a sling bullet. The sling bullet hits the adder.
The adder is almost dead.
The adder bites you but does no damage. The adder bites you.
You shoot a sling bullet. The sling bullet hits the adder!
You kill the adder!
You hear a shout!
The ball python bites you. The ball python closely misses you.
You shoot a sling bullet. The sling bullet hits the ball python.
You kill the ball python!
A hobgoblin comes into view.
It is wearing the amulet of Elemental Vulnerability {rPois rF-- rC-- AC+8}.
You shoot a sling bullet.
The sling bullet hits the hobgoblin but does no damage.
You shoot a sling bullet.
The sling bullet barely misses the hobgoblin.
The hobgoblin drinks a potion.
The hobgoblin seems to grow stronger.
You shoot a sling bullet. The sling bullet hits the adder.
The adder is lightly wounded.
The hobgoblin hits you. The adder barely misses you.
The hobgoblin hits you but does no damage.
You shoot a sling bullet.
The sling bullet completely misses the adder.
You block the adder's attack. x2; The hobgoblin hits you.
You shoot a sling bullet. The sling bullet hits the adder!
The adder is almost dead.
The adder barely misses you. The hobgoblin hits you.
A worm comes into view.
The adder closely misses you.
You shoot a sling bullet. The sling bullet misses the adder.
The hobgoblin hits you. The adder closely misses you. The hobgoblin hits you.
You shoot a sling bullet. The sling bullet hits the adder.
You kill the adder!
The hobgoblin hits you but does no damage.
You shoot a sling bullet.
The sling bullet hits the hobgoblin but does no damage.
The hobgoblin hits you.
You die...

## ..# .. .S # ###w##.#
### #.>###......# ..##
#.....%.....# ...## .#
#%# ....## #.# #@#
.....## #.#.####g#
......###.#.#....#####
.......)..#.............
......#...###.########..
........#.###.##
....###...##...# ...##
##.....#....... #.##
#####...######


You could see a worm and a hobgoblin (strong).

Vanquished Creatures
  3 adders (D:2)
  A worm (D:2)
  A dart slug (D:1)
  2 ball pythons (D:2)
  4 bats
  3 endoplasms (D:1)
  2 giant cockroaches (D:1)
  A goblin (D:2)
  A hobgoblin (D:2)
  2 kobolds
  A quokka (D:1)
  2 frilled lizards (D:1)
  A rat (D:1)
24 creatures vanquished.

Notes
Turn   | Place    | Note
-------+----------+-------------------------------------------
     0 | D:1      | qw the Gargoyle Hexslinger began the quest for the Orb.
     0 | D:1      | Reached XP level 1. HP: 12/12 MP: 2/2
     0 | D:1      | 0 ||| qw: Version: 0.3-a-46-gb1f654a
     0 | D:1      | 0 ||| qw: Game counter: 3474
     0 | D:1      | 0 ||| qw: Melee chars always use a shield: true
     0 | D:1      | 0 ||| qw: God list: Okawaru
     0 | D:1      | 0 ||| qw: Allow faded altars: false
     0 | D:1      | 0 ||| qw: Do Orc after clearing Dungeon:15 true
     0 | D:1      | 0 ||| qw: Do second Lair branch before Depths: true
     0 | D:1      | 0 ||| qw: Lair rune preference: random
     0 | D:1      | 0 ||| qw: Goals: Normal
     0 | D:1      | 0 ||| PLANNING D:1-11
    45 | D:1      | Reached XP level 2. HP: 16/16 MP: 3/3
    76 | D:1      | Reached skill level 3 in Ranged Weapons
   581 | D:1      | 581 ||| UPGRADING to +0 ring mail.
   591 | D:1      | 591 ||| DROPPING +0 robe.
   592 | D:1      | 592 ||| UPGRADING to amulet of reflection.
   597 | D:1      | 597 ||| READING scroll labelled NAISMUIRGHE.
   598 | D:1      | 598 ||| READING scroll labelled ZANEL LOWKO.
   599 | D:1      | 599 ||| READING scroll labelled ETOARE ENONIFA.
   600 | D:1      | 600 ||| DRINKING 2 emerald potions.
   601 | D:1      | 601 ||| DROPPING scroll of poison.
   623 | D:2      | Found a broken altar of Ashenzari.
   718 | D:2      | Reached XP level 3. HP: 21/21 MP: 4/4
   745 | D:2      | 745 ||| Stepping ~*~*~tactically~*~*~ (outnumbered).
   767 | D:2      | HP: 2/21 [hobgoblin (5)]
   769 | D:2      | Slain by a hobgoblin

Levels and vault maps discovered:
D:1:      roderic_chinese_lattice_arrival, layout_loops_ring, serial_park_tiny_2
D:2:      layout_loops_ring, basic_altar, minmay_misc_feat_hallway,
          roderic_filled_cross, minmay_circle_x

Skill      XL: |  1  2 |
---------------+-------+-----
Ranged Weapons | 3 |  3.8
Fighting       | 2 |  2.0
Dodging        | |  1.5
Spellcasting   | |  1.0
Hexes          | |  2.6

Action                     || total
---------------------------++-------
   Fire: Sling             ||    67
    Use: Scroll            ||     3
         Potion            ||     1
 Armour: Robe              ||     3
         Ring mail         ||    20
  Dodge: Dodged            ||    30
  Block: Other             ||     9

Table legend:
 A = Non-vault XP
 B = Vault XP
 C = Vault XP percentage of total XP
 D = Non-vault monster count
 E = Vault monster count
 F = Vault count percentage of total count
                 A         B        C        D         E       F
            +---------+---------+-------+---------+---------+-------
      Total |      63 |      18 |  22.2 |      20 |       4 |  16.7
            +---------+---------+-------+---------+---------+-------
        D:1 |      23 |       0 |   0.0 |      12 |       0 |   0.0
        D:2 |      40 |      18 |  31.0 |       8 |       4 |  33.3
            +---------+---------+-------+---------+---------+-------
